 Dungeon Sprint DCSS version 0.18.1-6-gd335043 (webtiles) character file.

574 Hipnos the Covert (level 7, -4/33 HPs)
             Began as a Spriggan Enchanter on May 15, 2016.
             Was a Priest of Dithmenos.
             Killed from afar by a rime drake (10 damage)
             ... with a flash freeze
             ... in the Dungeon (Sprint V: "Ziggurat Sprint").
             The game lasted 00:07:56 (393 turns).

Hipnos the Covert (Spriggan Enchanter)               Turns: 393, Time: 00:07:57

Health: -4/33      AC: 15    Str:  4    XL:     7   Next: 12%
Magic:  17/18      EV:  3    Int: 17    God:    Dithmenos [***...]
Gold:   0          SH: 11    Dex: 30    Spells: 1 memorised, 19 levels left

rFire  . . .     SeeInvis +     l - +5 quick blade
rCold  . . .     Gourm    .     m - +5 shadow dragon armour
rNeg   . . .     Faith    .     k - +3 buckler
rPois  .         Spirit   .     (helmet restricted)
rElec  .         Dismiss  .     (no cloak)
rCorr  .         Reflect  .     (gloves unavailable)
SustAt .         Harm     .     (boots unavailable)
MR     +....     NoTele   +     (no amulet)
Stlth  ++++++++++               o - +6 ring of dexterity
                                n - +6 ring of dexterity

@: wreathed by umbra, studying Axes, very quick, somewhat resistant to hostile
enchantments, uncannily stealthy
A: unfitting armour, see invisible, herbivore 3, speed 3, slow metabolism 2
a: Shadow Step, Renounce Religion


You were in the Dungeon.
You worshipped Dithmenos.
Dithmenos was most pleased with you.
You were not hungry.

You visited 1 branch

Inventory:

Hand Weapons
 a - a +1 dagger
 l - a +5 quick blade (weapon)
 y - the +7 Singing Sword
   (You found it in the Dungeon)
Armour
 b - a +1 robe
 i - a +0 helmet of see invisible
 k - a +3 buckler (worn)
 m - a +5 shadow dragon armour (worn)
 B - a +1 pair of boots of flying
Jewellery
 e - a cursed +2 ring of dexterity
 f - an uncursed ring of protection from magic
 n - a +6 ring of dexterity (left hand)
 o - a +6 ring of dexterity (right hand)
 p - a +6 ring of intelligence
 q - a +6 ring of intelligence
 r - a +6 ring of strength
 s - a +6 ring of strength
 t - an uncursed ring of flight
Wands
 u - a wand of disintegration (7/24)
 v - a wand of iceblast (5/15)
 w - a wand of lightning (5/15)
 x - a wand of acid (5/15)
Scrolls
 j - a scroll of blinking
Potions
 g - a potion of haste
 h - 2 potions of magic
Books
 c - a book of Maledictions

   Spells                             Type                      Level
   a - Corona                         Hexes                        1
   b - Ensorcelled Hibernation        Hexes/Ice                    2
   c - Confuse                        Hexes                        3
   d - Tukima's Dance                 Hexes                        3
   e - Dazzling Spray                 Conjuration/Hexes            3
 z - a manual of Axes
Miscellaneous
 A - a legendary deck of defence
Comestibles
 d - a bread ration


   Skills:
 + Level 1.0 Fighting
 + Level 2.3 Short Blades
 + Level 1.3 Armour
 + Level 6.3 Dodging
 * Level 14.6 Stealth
 + Level 0.7 Shields
 * Level 7.2 Spellcasting
 * Level 11.3 Hexes


You had 19 spell levels left.
You knew the following spells:

 Your Spells              Type           Power        Failure   Level  Hunger
a - Corona                Hex            #####..      100%        1    None


Dungeon Overview and Level Annotations

Branches:
Dungeon (1/1)

Altars:
Ashenzari
Cheibriados
Dithmenos
Elyvilon
Fedhas
Gozag
Kikubaaqudgha
Makhleb
Nemelex Xobeh
Okawaru
Pakellas
Qazlal
Ru
Sif Muna
Trog
Vehumet
Xom
Yredelemnul
Zin
The Shining One
Beogh
Jiyva
Lugonu


Innate Abilities, Weirdness & Mutations

You are tiny and cannot use many weapons and most armour.
You have supernaturally acute eyesight.
You are a herbivore.
You cover ground extremely quickly.
You need consume almost no food.


Message History

The freezing wraith completely misses you.
The freezing wraith hits you but does no damage.
The rime drake breathes ice at you. You block the flash freeze.
The rime drake breathes ice at you. The flash freeze hits you!
* * * LOW HITPOINT WARNING * * *
You are encased in ice.
Okay, then.
Aiming: Shadow Step
Press: ? - help, Dir - move target cursor, f - freezing wraith
Aim: a freezing wraith Out of range.
Okay, then.
The ice encasing you melts away. The rime drake breathes ice at you.
The flash freeze misses you. The rime drake breathes ice at you.
The flash freeze hits you!
You die...

▓..8©8..▓
▓..)}}..▓
▓..[[:..▓
▓.......▓
▓.......▓
▓.......▓
▓...Wk4.▓
▓.▓..k▓Y▓
▓...@4..▓
▓▓▓▓▓▓▓▓▓


You could see 2 ice devils, a freezing wraith, 2 rime drakes and an ice beast.

Vanquished Creatures
  A golden eye (D)
  2 porcupines (D)
  2 phantoms (D)
  A jelly (D)
  A mummy (D)
  3 river rats (D)
  A jackal (D)
11 creatures vanquished.

Notes
Turn   | Place    | Note
--------------------------------------------------------------
     0 | D        | Hipnos the Spriggan Enchanter began the quest for the Orb.
     0 | D        | Reached XP level 1. HP: 9/9 MP: 5/5
     4 | D        | Found an iron altar of Okawaru.
     4 | D        | Found a radiant altar of Vehumet.
     4 | D        | Found a shimmering altar of Xom.
     4 | D        | Found a burning altar of Makhleb.
     4 | D        | Found a deep blue altar of Sif Muna.
    21 | D        | Found a bloodstained altar of Trog.
    22 | D        | Found a white marble altar of Elyvilon.
    22 | D        | Found a sparkling altar of Nemelex Xobeh.
    22 | D        | Found a corrupted altar of Lugonu.
    22 | D        | Found a roughly hewn altar of Beogh.
    22 | D        | Found a viscous altar of Jiyva.
    37 | D        | Became a worshipper of Dithmenos the Shadowed
    87 | D        | Entered arena 1.
    87 | D        | Noticed a porcupine
    90 | D        | Reached skill level 6 in Stealth
    90 | D        | Reached XP level 2. HP: 13/13 MP: 7/7
    91 | D        | Killed a porcupine
    91 | D        | Reached skill level 9 in Stealth
    91 | D        | Reached skill level 5 in Spellcasting
    91 | D        | Reached XP level 3. HP: 15/16 MP: 7/10
    91 | D        | Reached XP level 4. HP: 19/21 MP: 8/12
   101 | D        | Entered arena 2.
   108 | D        | Reached * piety under Dithmenos
   108 | D        | Reached skill level 10 in Stealth
   111 | D        | Entered arena 3.
   111 | D        | Noticed a porcupine
   128 | D        | Killed a porcupine
   128 | D        | Reached ** piety under Dithmenos
   128 | D        | Reached skill level 5 in Dodging
   128 | D        | Reached skill level 11 in Stealth
   128 | D        | Reached XP level 5. HP: 11/24 MP: 11/14
   340 | D        | Entered arena 4.
   360 | D        | Entered arena 5.
   360 | D        | Noticed a phantom
   360 | D        | Noticed a phantom
   360 | D        | Noticed a phantom
   360 | D        | Noticed a necrophage
   365 | D        | Killed a phantom
   365 | D        | Reached skill level 1 in Armour
   365 | D        | Reached skill level 12 in Stealth
   365 | D        | Reached skill level 10 in Hexes
   365 | D        | Reached XP level 6. HP: 27/29 MP: 14/16
   368 | D        | Reached skill level 13 in Stealth
   369 | D        | Entered arena 6.
   369 | D        | Noticed a slime creature
   369 | D        | Noticed a golden eye
   378 | D        | Killed a golden eye
   378 | D        | Reached *** piety under Dithmenos
   378 | D        | Reached skill level 1 in Fighting
   378 | D        | Reached skill level 14 in Stealth
   378 | D        | Reached XP level 7. HP: 18/33 MP: 15/18
   380 | D        | Entered arena 7.
   380 | D        | Noticed a rime drake
   380 | D        | Noticed an ice devil
   380 | D        | Noticed an ice devil
   380 | D        | Noticed a freezing wraith
   380 | D        | Noticed a rime drake
   393 | D        | Killed from afar by a rime drake

Skill      XL: |  1  2  3  4  5  6 |
---------------+-------------------+-----
Stealth        | 6 9 11 12 14 | 14.6
Spellcasting   | 3 5 6 7 |  7.2
Hexes          | 4 7 9 10 11 | 11.3
Dodging        | 4 5 6 |  6.3
Armour         | 1 |  1.3
Short Blades   | 2 |  2.3
Fighting       | 1 |  1.0
Shields        | |  0.7

Action                   |  1- 3 |  4- 6 |  7- 9 || total
-------------------------+-------+-------+-------++-------
Melee: Dagger            |     2 |    19 |       ||    21
       Quick blade       |       |     5 |     1 ||     6
  Use: Potion            |       |     3 |       ||     3
 Stab: Sleeping          |     2 |     5 |       ||     7
Armor: Shadow dragon arm |       |    22 |     2 ||    24
Dodge: Dodged            |       |    13 |     3 ||    16
Block: Buckler           |       |     5 |     3 ||     8
